 Dungeon Crawl Stone Soup version 0.30-a0-476-g330ca2eb8e (webtiles) character file.

Game seed: 6360108722259813238

6 NinjaNoafa the Grasshopper (level 1, -1/20 HPs)
             Began as a Gnoll Warper on Dec 21, 2022.
             Slain by a gnoll
             ... wielding a +0 spear
              (4 damage)
             ... on level 1 of the Dungeon.
             The game lasted 00:01:20 (333 turns).

NinjaNoafa the Grasshopper (Gnoll Warper)            Turns: 333, Time: 00:01:20

Health: -1/20      AC:  2    Str: 10    XL:     1   Next: 90%
Magic:  6/6        EV: 13    Int: 12    God:
Gold:   11         SH:  0    Dex: 11    Spells: 9/9 levels left

rFire   . . .      SeeInvis .    a - +0 mace
rCold   . . .      Faith    .    (no shield)
rNeg    . . .      Spirit   .    h - +0 robe
rPois   .          Reflect  .    (no helmet)
rElec   .          Harm     .    (no cloak)
rCorr   .          Rampage  .    (no gloves)
Will    .....                    (no boots)
Stlth   +.........               (no amulet)
HPRegen 0.23/turn                (no ring)
MPRegen 0.10/turn                (no ring)

@: no status effects
A: fangs 1, strong nose, distributed training
a: no special abilities


You were on level 1 of the Dungeon.
You visited 1 branch of the dungeon, and saw 1 of its levels.

You collected 11 gold pieces.

Inventory:

Hand Weapons
 a - a +0 mace (weapon)
Missiles
 d - 6 boomerangs of dispersal (quivered)
 g - 4 stones
Armour
 h - a +0 robe (worn)
Scrolls
 c - a scroll of blinking
Potions
 e - a potion of mutation {unknown}
 f - 2 potions of might {unknown}


   Skills:
 + Level 4.4 Fighting
 + Level 0.2 Short Blades
 + Level 0.2 Long Blades
 + Level 0.2 Axes
 + Level 4.4 Maces & Flails
 + Level 0.2 Polearms
 + Level 0.2 Staves
 + Level 0.2 Ranged Weapons
 + Level 2.4 Throwing
 + Level 2.4 Armour
 + Level 4.4 Dodging
 + Level 0.2 Stealth
 + Level 0.2 Shields
 + Level 0.2 Unarmed Combat
 + Level 4.9 Spellcasting
 + Level 0.1 Conjurations
 + Level 0.1 Hexes
 + Level 0.1 Summonings
 + Level 0.1 Necromancy
 + Level 5.3 Translocations
 + Level 0.1 Transmutations
 + Level 0.1 Fire Magic
 + Level 0.1 Ice Magic
 + Level 0.1 Air Magic
 + Level 0.1 Earth Magic
 + Level 0.1 Poison Magic
 + Level 0.3 Invocations
 + Level 0.2 Evocations


You had 9 spell levels left.
You didn't know any spells.
Your spell library contained the following spells:

 Spells                   Type           Power      Damage    Failure   Level
 Blink                    Tloc           30%        N/A       3%          2
 Lesser Beckoning         Tloc           30%        N/A       7%          3
 Teleport Other           Tloc           15%        N/A       7%          3
 Vhi's Electric Charge    Tloc/Air       18%        N/A       21%         3
 Manifold Assault         Tloc           15%        N/A       22%         4


Dungeon Overview and Level Annotations

Branches:
Dungeon (1/15)

Altars:


Innate Abilities, Weirdness & Mutations

You have very sharp teeth.
Your uncanny sense of smell can sniff out nearby items.
Your experience applies equally to all skills.


Message History

You hit the hobgoblin.
You kill the hobgoblin!
You see here a hobgoblin corpse.
You see here a +0 robe.
h - a +0 robe You start removing your armour.
You continue taking off your +0 leather armour. x4
You finish taking off your +0 leather armour.
You start putting on your armour.
You continue putting on your +0 robe. x5
You finish putting on your +0 robe.
You drop a +0 leather armour.
Found a leather armour.
A gnoll comes into view. It is wielding a +0 spear.
The gnoll shouts!
You see here a +0 leather armour.
The gnoll hits you with a +0 spear!
You barely miss the gnoll. The gnoll hits you with a +0 spear!
* * * LOW HITPOINT WARNING * * *
You closely miss the gnoll. The gnoll closely misses you.
Okay, then.
The gnoll misses you.
You see here a +0 quarterstaff.
The gnoll barely misses you.
You hit the gnoll.
The gnoll is moderately wounded.
The gnoll hits you with a +0 spear.
You hit the gnoll but do no damage.
The gnoll is moderately wounded.
The gnoll hits you with a +0 spear.
* * * LOW HITPOINT WARNING * * *
The gnoll hits you from afar with a +0 spear.
* * * LOW HITPOINT WARNING * * *
Throw: 7 boomerangs (disperse)
Press: ? - help, Q - select action, (/) - cycle Shift-Dir - straight line, f - gnoll
Aim: a gnoll, wielding a +0 spear (moderately wounded, 63% to hit)
You throw a boomerang of dispersal.
The boomerang of dispersal barely misses the gnoll.
The gnoll closely misses you.
The gnoll hits you from afar with a +0 spear.
You die...

## .######
......###########
..###.....#...g.##### #.#
#####.#.###.@...###########
#.#
#..[#...#####...........#
#.# #.#####g#
#######.###.### #.#
#.......# #..# #...# #.#
#.#####.# #..###.#.#
#.#####†..#...# #......#.#
......###.#g#####
###.##.###.#
#.###.....#.)g..#
#..........# #.#
#.#########.# #.#.#..##..#


You could see a gnoll.

Vanquished Creatures
  A dart slug (D:1)
  A giant cockroach (D:1)
  A hobgoblin (D:1)
  A rat (D:1)
4 creatures vanquished.

Notes
Turn   | Place    | Note
-------+----------+-------------------------------------------
     0 | D:1      | NinjaNoafa the Gnoll Warper began the quest for the Orb.
     0 | D:1      | Reached XP level 1. HP: 20/20 MP: 6/6
   333 | D:1      | Slain by a gnoll

Illustrated notes

Levels and vault maps discovered:
D:1:      amcnicky_arrival_choice, layout_loops_ring, minmay_misc_feat_ornament,
          nicolae_grassy_gnolls

Action                   || total
-------------------------++-------
Melee: Mace              ||    15
       Bite              ||     1
Throw: Boomerang         ||     1
 Stab: Sleeping          ||     1
Armor: Leather armour    ||     1
Dodge: Dodged            ||     8

Table legend: (Time is in decaauts)
 A = Elapsed time spent in this place.
 B = Non-inter-level travel time spent in this place.
 C = Inter-level travel time spent in this place.
 D = Time resting spent in this place.
 E = Time spent auto-exploring this place.
 F = Levels seen in this place.
 G = Mean time per level.
                   A        B        C        D        E       F      G
               +--------+--------+--------+--------+--------+-----+--------+
         Total |    335 |    309 |     26 |      0 |    207 |   1 |  335.0 |
       Dungeon |    335 |    309 |     26 |      0 |    207 |   1 |  335.0 |
               +--------+--------+--------+--------+--------+-----+--------+

Top non-repeatable levels by time:
     D:1: 335 daAuts
